 Dungeon Crawl Stone Soup version 0.30.1-11-g7821555f0a (webtiles) character file.

Game seed: 9817092317229347666

102 Dvallin the Digger (level 4, -2/26 HPs)
             Began as a Gargoyle Earth Elementalist on Nov 15, 2023.
             Slain by Terence
             ... wielding a +0 flail
              (4 damage)
             ... on level 2 of the Dungeon.
             The game lasted 00:07:00 (1644 turns).

Dvallin the Digger (Gargoyle Earth Elementalist)    Turns: 1644, Time: 00:07:01

Health: -2/26      AC:  6    Str: 14    XL:     4   Next: 77%
Magic:  2/7        EV: 11    Int: 15    God:
Gold:   72         SH:  3    Dex: 10    Spells: 6/7 levels left

rFire   . . .        h - +0 dagger
rCold   . . .        e - +0 buckler
rNeg    + . .        a - +0 robe
rPois   ∞            (no helmet)
rElec   +            (no cloak)
rCorr   .            (no gloves)
SInv    .            f - +0 pair of boots
Will    .....        (no amulet)
Stlth   ++           (no ring)
HPRegen 0.24/turn    (no ring)
MPRegen 0.10/turn

%: no passive effects
@: no status effects
A: sickness immunity, AC +3, negative energy resistance 1, electricity
resistance, torment resistance 1, petrification resistance
a: no special abilities


You were on level 2 of the Dungeon.
You visited 1 branch of the dungeon, and saw 2 of its levels.

You collected 72 gold pieces.

Inventory:

Hand Weapons
 h - a +0 dagger (weapon)
Missiles
 m - a throwing net
Armour
 a - a +0 robe (worn)
 e - a +0 buckler (worn)
 f - a +0 pair of boots (worn)
 k - a scarf of shadows
Jewellery
 g - a ring of protection from cold
 j - a ring of see invisible
Potions
 b - a potion of magic
 c - a potion of attraction {unknown}
 d - 2 potions of flight {unknown}
 i - a potion of curing {unknown}
 l - a potion of invisibility {unknown}


   Skills:
 + Level 2.1 Fighting
 - Level 1.5 Dodging
 + Level 3.5 Stealth
 + Level 1.7 Shields
 - Level 2.0 Spellcasting
 - Level 0.7 Transmutations
 + Level 4.5 Earth Magic


You had 6 spell levels left.
You knew the following spells:

 Your Spells              Type           Power      Damage    Failure   Level
a - Sandblast             Erth           30%        2d9       4%          1

Your spell library contained the following spells:

 Spells                   Type           Power      Damage    Failure   Level
 Passwall                 Tmut/Erth      7%         N/A       16%         2
 Stone Arrow              Conj/Erth      16%        3d8       34%         3
 Call Canine Familiar     Summ           1%         N/A       65%         3
 Portal Projectile        Hex/Tloc       2%         N/A       65%         3
 Petrify                  Tmut/Erth      9%         N/A       71%         4
 Leda's Liquefaction      Hex/Erth       4%         N/A       75%         4


Dungeon Overview and Level Annotations

Branches:
Dungeon (2/15)

Altars:

Annotations:
D:2 Terence


Innate Abilities, Weirdness & Mutations

You are immune to sickness and miasma.
Your stone body is resilient. (AC +3)
You are immune to poison.
You resist negative energy. (rN+)
You are resistant to electric shocks. (rElec)
You are resistant to unholy torment.
You are immune to petrification.


Message History

The blast of sand hits Terence but does no damage.
You block Terence's attack.
The blast of sand hits Terence.
Terence is lightly wounded.
Terence hits you with a +0 flail! Terence barely misses you.
You are too injured to fight recklessly!
You are too injured to fight recklessly!
You are too injured to fight recklessly!
You are too injured to fight recklessly!
You are too injured to fight recklessly!
You are too injured to fight recklessly!
Press: ? - help, v - describe, . - travel A stone staircase leading up.
Casting: Sandblast (safe; 4% risk of failure)
Confirm with . or Enter, or press ? or * to list all spells.
Aiming: Sandblast (safe; 4% risk of failure)
Press: ? - help, Shift-Dir - straight line, f/p - Terence
Aim: Terence, wielding a +0 flail and wearing a +0 chain mail (lightly wounded, 87% to hit)
The blast of sand hits Terence but does no damage.
Terence is lightly wounded.
You block Terence's attack.
Casting: Sandblast (safe; 4% risk of failure)
Confirm with . or Enter, or press ? or * to list all spells.
Aiming: Sandblast (safe; 4% risk of failure)
Press: ? - help, Shift-Dir - straight line, f/p - Terence
Aim: Terence, wielding a +0 flail and wearing a +0 chain mail (lightly wounded, 87% to hit)
The blast of sand hits Terence but does no damage.
Terence is lightly wounded.
You block Terence's attack. Terence hits you with a +0 flail!
* * * LOW HITPOINT WARNING * * *
Unknown command.
Casting: Sandblast (safe; 4% risk of failure)
Confirm with . or Enter, or press ? or * to list all spells.
Aiming: Sandblast (safe; 4% risk of failure)
Press: ? - help, Shift-Dir - straight line, f/p - Terence
Aim: Terence, wielding a +0 flail and wearing a +0 chain mail (lightly wounded, 87% to hit)
The blast of sand hits Terence.
Terence is lightly wounded.
Terence hits you with a +0 flail.
You die...

.# #..#.# .# #..#.# .#
#.^#.# .##
#..#.##########
..#######..#.......@..#
..........>..########.#
#..........### #......#
.#.######.## #@######
..........# #@#
.########.# #.# .# #.#
#.# .# #.# #.# .# ..#
#.# .# .## ... .# . ...
.# ... .#


You could see Terence.

Vanquished Creatures
  3 gnolls (D:2)
  3 adders (D:2)
  4 dart slugs
  A ball python (D:2)
  A bat (D:2)
  2 endoplasms (D:1)
  3 giant cockroaches (D:1)
  5 hobgoblins
  4 jackals (D:1)
  3 quokkas (D:1)
  A frilled lizard (D:1)
  3 kobolds (D:2)
  6 rats
39 creatures vanquished.

Notes
Turn   | Place    | Note
-------+----------+-------------------------------------------
     0 | D:1      | Dvallin the Gargoyle Earth Elementalist began the quest for
                  | the Orb.
     0 | D:1      | Reached XP level 1. HP: 10/10 MP: 3/3
   134 | D:1      | Reached XP level 2. HP: 15/16 MP: 3/5
   146 | D:1      | Reached skill level 1 in Fighting
   160 | D:1      | Reached skill level 4 in Earth Magic
   628 | D:1      | Reached XP level 3. HP: 20/20 MP: 4/6
  1004 | D:2      | Reached skill level 1 in Shields
  1112 | D:2      | Reached XP level 4. HP: 26/26 MP: 2/7
  1314 | D:2      | Found a faded altar of an unknown god.
  1338 | D:2      | Noticed Terence
  1644 | D:2      | Slain by Terence

Illustrated notes

Levels and vault maps discovered:
D:1:      sevenhm_arrival_forest_fort_small_4, layout_basic
D:2:      layout_loops_ring, dreamdust_ecumenical_altar_angels_and_demons,
          uniq_terence

Skill      XL: |  1  2  3  4 |
---------------+-------------+-----
Fighting       | 1 2 |  2.1
Earth Magic    | 4 |  4.5
Stealth        | 3 |  3.5
Shields        | 1 |  1.7
Dodging        | |  1.5
Spellcasting   | |  2.0
Transmutations | |  0.7

Action                     |  1- 3 |  4- 6 || total
---------------------------+-------+-------++-------
  Melee: Unarmed           |    24 |    26 ||    50
         Dagger            |       |     3 ||     3
   Cast: Sandblast         |    41 |    27 ||    68
    Use: Scroll            |       |     1 ||     1
 Armour: Robe              |    13 |     9 ||    22
  Dodge: Dodged            |    20 |    13 ||    33
  Block: Buckler           |     2 |     9 ||    11
